 Dungeon Crawl Stone Soup version 0.21.1-1-g345015f (webtiles) character file.

780193 Kairos the Hoplite (level 27, -4/179 (186) HPs)
             Began as a Human Fighter on Apr 2, 2018.
             Was a High Priest of Zin.
             Slain by a bone dragon (6 damage)
             ... on level 1 of the Abyss on Apr 3, 2018.
             The game lasted 08:39:13 (81910 turns).

Kairos the Hoplite (Human Fighter)                 Turns: 81910, Time: 08:39:14

HP:   -4/179 (186)  AC: 31    Str: 28    XL:     27
MP:   0/44          EV: 23    Int:  9    God:    Zin [*****.]
Gold: 2041          SH: 35    Dex: 23    Spells: 46/60 levels left

rFire    + . .     SeeInvis +   u - +8 mithril axe "Arga" {speed, MR+}
rCold    + + .     Gourm    .   S - +8 large shield "Kecud" {MR+ rCorr}
rNeg     + + .     Faith    .   e - +8 plate armour "Wolagomp" {Str+3}
rPois    +         Spirit   +   F - +3 crown of Dyrovepreva {rElec Int+2 SInv}
rElec    +         Reflect  .   Z - scarf {rC+ rF+}
rCorr    +         Harm     .   X - +2 pair of gloves of Amorality {rN++ Regen+ Str+3 Int-5}
MR       +++++                  M - +2 pair of boots {run}
Stlth    ..........             R - amulet of guardian spirit
HPRegen  0.79/turn              N - +4 ring of slaying
MPRegen  0.29/turn              I - ring "Cakupuok" {MR+ Slay+4}

@: mighty, agile, about to teleport, constricted, quick
A: cold resistance 1, deformed body, deterioration 1, dopey 1, frail 2, poison
resistance, screaming 1, weak 1, no potion heal 1, subdued magic 3, MP-powered
wands
}: 4/15 runes: barnacled, silver, icy, gossamer
a: Recite, Vitalisation, Imprison, Sanctuary, Donate Gold, Renounce Religion


You were on level 1 of the Abyss.
You worshipped Zin.
Zin was extremely pleased with you.
You were not hungry.

You visited 11 branches of the dungeon, and saw 53 of its levels.
You visited the Abyss 14 times.
You also visited: Labyrinth and Sewer.

You collected 7619 gold pieces.
You spent 3413 gold pieces at shops.
You donated 2165 gold pieces to Zin.

Inventory:

Hand Weapons
 j - a +5 sacred scourge of holy wrath
 u - the +8 mithril axe "Arga" (weapon) {speed, MR+}
   (Okawaru gifted it to you on level 3 of Cocytus)

   Attacks with this weapon are significantly faster.
   It affects your resistance to hostile enchantments.
 J - a +9 broad axe of flaming
Missiles
 K - 6 silver javelins (quivered)
Armour
 a - a +2 pair of boots of flying
 e - the +8 plate armour "Wolagomp" (worn) {Str+3}
   (Okawaru gifted it to you on level 4 of the Vaults)

   It affects your strength (+3).
 q - a +2 cloak of invisibility
 F - the +3 crown of Dyrovepreva (worn) {rElec Int+2 SInv}
   (You bought it in a shop on level 4 of the Vaults)

   It affects your intelligence (+2).
   It insulates you from electricity.
   It lets you see invisible.
 M - a +2 pair of boots of running (worn)
 S - the +8 large shield "Kecud" (worn) {MR+ rCorr}
   (Okawaru gifted it to you on level 5 of the Depths)

   It affects your resistance to hostile enchantments.
   It protects you from acid and corrosion.
 X - the +2 pair of gloves of Amorality (worn) {rN++ Regen+ Str+3 Int-5}
   (You bought it in a shop on level 10 of the Dungeon)

   It affects your strength (+3).
   It affects your intelligence (-5).
   It greatly protects you from negative energy.
   It increases your rate of regeneration.
 Z - a scarf of resistance (worn)
Jewellery
 l - the ring "Zacsogg" {MR+ MP+9 Dex+2 SInv}
   (You found it on level 3 of the Lair of Beasts)

   [ring of see invisible]

   It affects your dexterity (+2).
   It affects your resistance to hostile enchantments.
   It affects your magic capacity (+9).
   It lets you see invisible.
 p - an uncursed ring of protection from fire
 w - a +6 ring of protection
 B - an uncursed ring of protection from cold
 G - the amulet of Zogiuf {Harm *Drain rF- Slay+4}
   (You found it on level 7 of Cocytus)

   [amulet of harm]

   It increases damage dealt and taken.
   It affects your accuracy and damage with ranged weapons and melee attacks
   (+4).
   It makes you vulnerable to fire.
   It causes draining when unequipped.
 I - the ring "Cakupuok" (right hand) {MR+ Slay+4}
   (You found it on level 2 of the Abyss)

   [ring of slaying]

   It affects your accuracy and damage with ranged weapons and melee attacks
   (+4).
   It affects your resistance to hostile enchantments.
 N - a +4 ring of slaying (left hand)
 R - an amulet of guardian spirit (around neck)
Wands
 A - a wand of clouds (9)
 Q - a wand of digging (39)
Scrolls
 h - 31 scrolls of teleportation
 i - 6 scrolls of silence
 r - 4 scrolls of magic mapping
 t - 5 scrolls of fog
 y - 18 scrolls of remove curse
 z - 9 scrolls of fear
 D - 2 scrolls of summoning
 H - 2 scrolls of enchant armour
 L - 5 scrolls of blinking
 V - a scroll of holy word
 Y - 2 scrolls of identify
Potions
 c - 4 potions of agility
 d - 5 potions of might
 g - 10 potions of ambrosia
 k - 13 potions of brilliance
 m - a potion of magic
 n - 2 potions of cancellation
 o - 11 potions of curing
 C - 4 potions of haste
 E - 10 potions of heal wounds
 P - 2 potions of resistance
 T - 4 potions of berserk rage
 W - 5 potions of flight
Miscellaneous
 U - a fan of gales
Comestibles
 f - 71 rations


   Skills:
 + Level 22.8 Fighting
 - Level 18.6(18.8) Axes
 - Level 4.7(13.3) Maces & Flails
 + Level 3.4 Throwing
 * Level 17.9 Armour
 * Level 17.0 Dodging
 - Level 3.0 Stealth
 + Level 24.7 Shields
 * Level 17.4 Spellcasting
 - Level 11.0 Hexes
 - Level 10.7 Translocations
 - Level 10.8 Air Magic
 + Level 14.9 Invocations
 * Level 12.9 Evocations


You had 46 spell levels left.
You knew the following spells:

 Your Spells              Type           Power        Failure   Level  Hunger
a - Confuse               Hex            ##......     1%          3    None
b - Blink                 Tloc           N/A          1%          2    None
c - Silence               Hex/Air        ##........   5%          5    #####..
d - Apportation           Tloc           ##....       1%          1    None
e - Lesser Beckoning      Tloc           ##........   1%          3    None


Dungeon Overview and Level Annotations

Branches:
Dungeon (15/15)            Temple (1/1) D:7            Lair (6/6) D:10
 Shoals (4/4) Lair:3       Spider (4/4) Lair:2        Slime (0/5) Lair:6
    Orc (2/2) D:9             Elf (3/3) Orc:2        Vaults (5/5) D:13
  Crypt (0/3) Vaults:2     Depths (5/5) D:15           Hell (1/1)
    Dis (0/7) Hell            Geh (0/7) Hell            Coc (7/7) Hell
    Tar (0/7) Hell            Zot (0/5) Depths:5

Altars:
Ashenzari
Cheibriados
Dithmenos
Elyvilon
Fedhas
Gozag
Hepliaklqana
Kikubaaqudgha
Makhleb
Nemelex Xobeh
Okawaru
Qazlal
Ru
Sif Muna
Trog
Uskayaw
Vehumet
Wu Jian
Xom
Yredelemnul
Zin
The Shining One

Shops:
D:3 *   D:10 [[:   D:13 [   Orc:2 %[%(   Elf:1 *   Elf:2 [   Vaults:2 (
Vaults:3 !   Vaults:4 [*:[   Depths:3 ?   Depths:5 }=}

Portals:
Hell: Depths:1 Depths:2 Depths:3 Depths:4 Depths:5
Abyss: Depths:4
Pandemonium: Depths:3 Depths:4
Ziggurat: Depths:5

Annotations:
D:5 2 runed doors
Depths:5 Totori's ghost, veteran MfFi


Innate Abilities, Weirdness & Mutations

Your flesh is cold resistant. (rC+)
Armour fits poorly on your strangely shaped body.
Your body sometimes deteriorates upon taking damage.
You are dopey. (Int -2)
You are very frail. (-20% HP)
Your system is resistant to poisons. (rPois)
You occasionally shout uncontrollably at your foes.
You are weak. (Str -2)
Potions are less effective at restoring your health.
Your spells are much easier to cast, but much less powerful.
You expend magic power (3 MP) to strengthen your wands.


Message History

You block the tentacled monstrosity's attack.
The tentacled monstrosity misses you.
The tentacled monstrosity completely misses you.
The tentacled monstrosity constricts you.
You block the red very ugly thing's attack.
You block the bone dragon's attack.
The bone dragon completely misses you. x2
The hellephant tramples you!!
* * * LOW HITPOINT WARNING * * *
You hold your ground!
You block the hellephant's attack. x2
Blink to where?
Press: ? - help, Dir - move target cursor The tentacled monstrosity's grasp on you weakens, but your attempt to escape fails.
As you read the scroll of blinking, it crumbles to dust.
You block the tentacled monstrosity's attack. x3
The tentacled monstrosity constricts you.
You block the starcursed mass's attack.
The large abomination barely misses you.
You block the red very ugly thing's attack.
The bone dragon bites you!
You die...

..........
#∩#..... .
#...... .. .....
.#.####.#. ###.
.....#...##...#.
.......XXDX##...
.......Y@#
.#...XXu#
.....$..XXX .∩.
.........#... .
....##'####...#
#.# #... ....
... .#.. ... ..
..#.. #. ....


You could see a bone dragon, a hellephant, 5 starcursed masses, a tentacled
monstrosity, a red very ugly thing and a large abomination.

Vanquished Creatures
  Antaeus (Coc:7)
  Mennas (Vaults:3)
  Mara (Vaults:4)
  A juggernaut (Abyss:1)
  3 ancient liches
  Sojobo (Vaults:4)
  Boris (Depths:3)
  18 shard shrikes
  Xtahua (Depths:3)
  4 caustic shrikes
  Margery (Depths:3)
  Saint Roka (Vaults:5)
  4 golden dragons
  Geryon (Hell)
  the Enchantress (Depths:2)
  Jory (Vaults:4)
  Nikola (Shoals:3)
  16 bone dragons
  Arachne (Spider:3)
  2 hellephants (Abyss:4)
  Jorgrun (Spider:3)
  4 tentacled monstrosities
  14 Ice Fiends
  8 liches
  A Hell Sentinel (Abyss:2)
  2 deep elf master archers (Elf:3)
  3 titans
  3 deep elf blademasters
  2 quicksilver dragons (Depths:4)
  An eldritch tentacle (Coc:7)
  5 sphinxes
  Frances (Spider:1)
  25 tentacled starspawn
  3 Executioners
  5 shadow dragons
  A thorn hunter (Abyss:3)
  7 tengu reavers
  Donald (Vaults:4)
  6 storm dragons
  Roxanne (Shoals:1)
  Ilsuiw (Shoals:4)
  Kirke (D:15)
  A draconian monk (Depths:5)
  A daeva (Abyss:4)
  8 fire giants
  11 frost giants
  15 vault wardens
  10 deep elf sorcerers
  3 iron dragons
  3 ghost moths (Spider:4)
  2 deep elf elementalists
  The ghost of Totori the Peltast, a journeyman MfFi of Cheibriados (Orc:1)
  2 balrugs
  2 cacodemons
  Louise (Elf:3)
  A draconian scorcher (Abyss:3)
  2 angels
  13 emperor scorpions
  4 ghouls
  15 reapers
  A war gargoyle (Vaults:4)
  5 spriggan defenders (Depths:2)
  4 elemental wellsprings
  16 ironheart preservers
  An entropy weaver (shapeshifter) (Vaults:4)
  The ghost of Serooblart the Warrior, a journeyman MiAK of Lugonu (Lair:5)
  6 caustic shrike skeletons (Depths:2)
  A juggernaut skeleton (Depths:3)
  36 very ugly things
  6 entropy weavers
  A vampire knight (Depths:1)
  20 stone giants
  3 lorocyprocas
  9 deep elf demonologists
  5 green draconians
  2 black draconians
  2 dire elephants
  A white draconian (Depths:5)
  13 deep elf annihilators
  3 red draconians
  3 yellow draconians
  10 spark wasps
  22 blizzard demons
  2 eidola
  8 ettins
  6 deep elf death magi
  4 crystal guardians (Depths:1)
  3 green deaths (Abyss:4)
  6 merfolk javelineers
  12 great orbs of eyes
  A minotaur (Lab)
  11 fire dragons
  A jiangshi (Abyss:2)
  2 quicksilver dragon zombies
  7 merfolk impalers
  5 hydras
  Erolcha (D:11)
  10 yaktaur captains
  3 kraken zombies
  2 naga warriors
  2 hell beasts (Hell)
  6 deep elf high priests
  10 rakshasas
  Harold (Orc:1)
  28 ice dragons
  11 ogre magi
  7 centaur warriors
  26 vault guards
  6 death knights
  3 alligator snapping turtles
  8 spriggan air magi
  32 two-headed ogres
  7 merfolk aquamancers
  2 quicksilver dragon skeletons
  Erica (D:11)
  4 merfolk avatars
  22 death yaks
  2 satyrs
  27 dancing weapons
  11 hell hogs
  12 tengu warriors
  A two-headed ogre (shapeshifter) (Vaults:5)
  11 deep troll earth magi
  An orc high priest (D:9)
  4 titan zombies
  A vampire mage (Depths:3)
  12 deep troll shamans
  Urug (D:11)
  22 thrashing horrors
  43 spriggans
  25 deep elf knights
  3 sun demons
  Sonja (Lair:1)
  11 spriggan berserkers
  29 wretched stars
  9 soul eaters
  2 titan skeletons (Coc:4)
  5 shadow wraiths
  A storm dragon zombie (Coc:6)
  12 iron trolls
  52 skeletal warriors
  8 spatial maelstroms
  33 hell knights
  2 ghost moth zombies
  7 sixfirhies
  2 quicksilver dragon simulacra
  A deep troll (shapeshifter) (Depths:3)
  36 deep trolls
  4 glowing orange brains
  2 death drakes
  7 spriggan druids (Depths:2)
  5 unseen horrors
  A glowing orange brain (shapeshifter) (Elf:3)
  5 anaconda zombies
  3 flayed ghosts
  2 golden dragon skeletons
  A shambling mangrove (Abyss:1)
  2 kraken simulacra
  12 sea snakes
  71 large abominations
  11 ironbrand convokers
  An orange crystal statue (Depths:1)
  A shadow demon (Abyss:3)
  A shadow dragon zombie (Depths:1)
  Pikel (D:8)
  8 anaconda skeletons
  3 wizards
  25 harpies
  4 necromancers
  2 harpies (shapeshifter)
  13 orc knights
  41 ugly things
  2 wolf spider zombies (Coc:7)
  22 deep elf archers
  3 phantasmal warriors
  3 iron dragon zombies
  2 fire giant zombies
  15 orb spiders
  13 fauns
  19 cyclopes
  71 deep elf magi
  6 oklob plants
  29 wolf spiders
  2 stone giant zombies
  A frost giant zombie (Coc:2)
  2 salamanders
  3 shadow dragon skeletons
  18 manticores
  2 orc sorcerers
  A manticore (shapeshifter) (D:14)
  3 elephants (Lair:6)
  Maurice (D:11)
  A moth of wrath (Spider:4)
  13 worldbinders
  5 fire giant skeletons
  4 iron dragon skeletons
  2 stone giant skeletons
  5 guardian serpents
  7 rust devils
  A black mamba (shapeshifter) (Vaults:3)
  7 water nymphs
  2 black mambas
  6 apocalypse crabs
  6 centaur zombies
  8 vault sentinels
  A water nymph (shapeshifter) (Vaults:3)
  A titan simulacrum (Coc:4)
  6 orange demons
  4 ice statues
  3 frost giant skeletons
  A molten gargoyle (Hell)
  2 torpor snails
  10 merfolk sirens
  18 smoke demons
  2 hellions (Hell)
  A gargoyle (D:14)
  9 spiny frogs
  2 kobold demonologists
  A yellow draconian zombie (Coc:7)
  A yaktaur (shapeshifter) (Vaults:2)
  A shock serpent skeleton (Coc:7)
  6 rime drakes
  82 yaktaurs
  3 efreet
  34 freezing wraiths
  6 komodo dragons
  4 centaur skeletons
  A minotaur zombie (Coc:7)
  13 demonic crawlers
  3 anaconda simulacra
  A catoblepas zombie (Abyss:4)
  2 redback zombies
  19 hydra zombies
  5 red devils
  A spark wasp simulacrum (Depths:3)
  2 hellwings (Depths:3)
  13 tormentors
  36 ice devils
  5 tengu conjurers
  24 ancient zymes
  A silent spectre (Abyss:1)
  3 meliai (Spider:3)
  A merfolk (shapeshifter) (Vaults:4)
  A yaktaur skeleton (Vaults:2)
  16 trolls
  25 jumping spiders
  A queen bee (D:8)
  A troll (shapeshifter) (Abyss:4)
  A shadow dragon simulacrum (Abyss:1)
  11 wind drakes
  A hornet (shapeshifter) (Vaults:5)
  4 polar bears
  2 polar bears (shapeshifter)
  A harpy skeleton (Coc:3)
  22 merfolk
  22 hornets
  4 hydra skeletons
  12 hippogriffs
  A meliai zombie (D:13)
  41 raiju
  Prince Ribbit (D:6)
  An ice dragon zombie (Coc:3)
  24 blink frogs
  An ettin zombie (Coc:4)
  19 slime creatures
  A stone giant simulacrum (Vaults:2)
  5 alligator zombies
  12 dream sheep
  9 snapping turtles
  9 bog bodies (Coc:7)
  4 alligator skeletons
  4 ice dragon skeletons
  A centaur simulacrum (D:15)
  19 air elementals
  8 shadows
  A spriggan (shapeshifter) (Depths:3)
  24 ynoxinuls
  8 wyverns
  71 flying skulls
  A vampire (Abyss:1)
  82 redbacks
  32 tarantellas
  2 tarantellas (shapeshifter)
  2 ettin skeletons
  18 water elementals
  A yak (shapeshifter) (Abyss:3)
  2 dire elephant simulacra
  15 wraiths
  2 fire dragon skeletons (Coc:3)
  A black mamba skeleton (Coc:3)
  3 basilisks
  Eustachio (D:6)
  11 fire elementals
  9 golden eyes (Abyss:4)
  6 hogs
  A hog (shapeshifter) (Depths:3)
  11 chaos spawn
  A steam dragon (shapeshifter) (Elf:2)
  7 hungry ghosts
  43 yaks
  13 neqoxecs
  11 wargs
  77 small abominations
  12 insubstantial wisps (D:15)
  11 spatial vortices
  3 vampire mosquitoes (D:15)
  A naga (shapeshifter) (Depths:4)
  4 hydra simulacra
  3 nagas
  A soldier ant (D:14)
  3 acid dragons
  17 hell hounds
  9 spiny frog zombies
  A floating eye (Depths:3)
  11 water moccasins
  5 porcupines
  6 sky beasts
  10 ice beasts
  34 orc warriors
  5 spiny frog skeletons
  2 snapping turtle zombies
  A black bear (D:6)
  5 necrophages
  2 phantoms
  42 ogres
  19 wolves
  An elf zombie (Vaults:2)
  4 eyes of draining
  2 ettin simulacra
  2 manticore zombies
  An eye of draining (shapeshifter) (Vaults:4)
  A human zombie (Vaults:2)
  2 alligator simulacra
  21 centaurs
  2 snapping turtle skeletons
  22 crocodiles
  A swamp dragon skeleton (Coc:5)
  8 big kobolds
  Blork the orc (D:5)
  12 bullfrogs
  A spiny frog simulacrum (Coc:3)
  A wyvern zombie (D:13)
  A glowing shapeshifter simulacrum (Vaults:2)
  3 earth elementals
  A deep troll simulacrum (Vaults:1)
  5 scorpions
  A water moccasin skeleton (D:9)
  20 killer bees
  15 wights
  5 electric eels
  5 howler monkeys
  10 crimson imps
  A bullfrog zombie (D:13)
  10 quasits
  98 starcursed masses
  16 hounds
  20 jellies
  24 orc priests
  5 bullfrog skeletons
  2 human skeletons
  Jessica (D:3)
  5 iguanas
  12 iron imps
  23 orc wizards
  9 worker ants
  10 hell rats (Hell)
  A killer bee zombie (D:5)
  A tengu zombie (Coc:7)
  A bullfrog simulacrum (D:13)
  A naga skeleton (Coc:7)
  An ogre skeleton (Abyss:3)
  A hound zombie (D:6)
  A mummy (Coc:6)
  A worker ant zombie (D:10)
  6 gnolls (D:8)
  11 adders
  9 shadow imps
  26 white imps
  15 ufetubi
  2 oozes (Abyss:3)
  2 adder zombies (D:9)
  3 adder skeletons
  2 worms
  4 dart slugs
  4 leopard geckos
  84 orcs
  5 ball pythons
  8 giant cockroaches
  5 goblins
  9 hobgoblins
  8 jackals
  2 quokkas
  4 bats
  13 frilled lizards
  33 kobolds
  A kobold simulacrum (Abyss:2)
  A leopard gecko skeleton (D:9)
  10 rats
  6 bushes (Abyss:4)
  2 crawling corpses (Elf:3)
  4 demonic plants (Abyss:4)
  3 fungi
  3 lurking horrors
  8 plants
  34 starspawn tentacles
  2 tentacles
3577 creatures vanquished.

Vanquished Creatures (collateral kills)
  A shadow dragon (Vaults:5)
  2 very ugly things (Depths:1)
  A stone giant (Depths:1)
  A fire dragon (Depths:1)
  A hydra (D:14)
  An ogre mage (Depths:1)
  A two-headed ogre (Depths:1)
  A sun demon (Hell)
  A deep troll (Depths:1)
  4 ugly things
  A stone giant skeleton (Depths:1)
  A spriggan zombie (Depths:1)
  A freezing wraith (D:14)
  A troll (D:14)
  A wind drake (D:15)
  2 air elementals (D:15)
  A vampire (D:15)
  A vampire mosquito (D:15)
  2 hell hounds (Depths:1)
  2 centaurs
  2 ogres (Depths:1)
  4 wights (D:14)
33 creatures vanquished.

Vanquished Creatures (others)
  An eldritch tentacle (Coc:4)
  A war gargoyle (Vaults:5)
  A blizzard demon (Elf:3)
  A deep elf high priest (Elf:3)
  A rakshasa (Abyss:2)
  A merfolk aquamancer (Shoals:4)
  2 hell hogs
  A deep troll earth mage (Depths:5)
  A thrashing horror (Abyss:3)
  An unseen horror (Abyss:3)
  A deep troll (Depths:5)
  A shadow demon (Abyss:4)
  A deep elf mage (Elf:3)
  A freezing wraith (Vaults:4)
  A merfolk (Shoals:3)
  A bog body (Coc:7)
  2 water elementals
  A ynoxinul (Abyss:4)
  An air elemental (Elf:3)
  A human (D:15)
  A fire bat (Abyss:1)
  A golden eye (Abyss:3)
  A large abomination (Abyss:3)
  3 slaves (D:8)
  An eye of draining (Abyss:4)
  3 small abominations
  2 killer bees (D:8)
  A starcursed mass (Abyss:4)
  An orc wizard (Orc:1)
  A white imp (Abyss:2)
  15 ball lightnings (D:15)
  7 fungi
  3 lurking horrors (Abyss:3)
  9 plants
  42 starspawn tentacles
  27 tentacles
140 creatures vanquished.

Grand Total: 3750 creatures vanquished

Notes
Turn   | Place    | Note
-------+----------+-------------------------------------------
     0 | D:1      | Kairos the Human Fighter began the quest for the Orb.
     0 | D:1      | Reached XP level 1. HP: 18/18 MP: 1/1
   114 | D:1      | Reached XP level 2. HP: 16/24 MP: 2/2
   506 | D:1      | Reached XP level 3. HP: 29/29 MP: 3/3
   789 | D:2      | Reached XP level 4. HP: 26/35 MP: 4/4
  1387 | D:3      | Found an opulent altar of Gozag.
  1397 | D:3      | Found a glowing drain.
  1447 | D:3      | Noticed Jessica
  1453 | D:3      | Killed Jessica
  1453 | D:3      | Reached XP level 5. HP: 21/41 MP: 5/5
  1536 | Sewer    | Entered a sewer
  2250 | D:3      | Found Gozag's Platinum Reserve.
  2372 | D:4      | Reached skill level 4 in Shields
  2397 | D:4      | Reached XP level 6. HP: 26/47 MP: 6/6
  2506 | D:4      | Reached skill level 1 in Dodging
  2786 | D:4      | Found a stormy altar of Qazlal.
  2831 | D:4      | Found a white marble altar of Elyvilon.
  2902 | D:4      | Reached skill level 5 in Axes
  2902 | D:4      | Reached XP level 7. HP: 46/52 MP: 7/7
  3376 | D:5      | Entered Level 5 of the Dungeon
  3376 | D:5      | Found a large runed door.
  3376 | D:5      | Found a large runed door.
  3396 | D:5      | Found a large runed door.
  3396 | D:5      | Found a large runed door.
  3412 | D:5      | Noticed Blork the orc
  3421 | D:5      | Killed Blork the orc
  4025 | D:5      | Reached XP level 8. HP: 55/60 MP: 8/8
  4131 | D:5      | Reached skill level 5 in Armour
  4156 | D:5      | Reached skill level 1 in Evocations
  4588 | D:5      | Reached skill level 5 in Shields
  4913 | D:5      | Noticed a wyvern
  4927 | D:5      | HP: 3/61 [wyvern (9)]
  4929 | D:5      | Killed a wyvern
  5401 | D:5      | Reached XP level 9. HP: 67/67 MP: 9/9
  5437 | D:5      | Got a slimy ivory ring
  5451 | D:5      | Identified the ring of Yendor {MR+ Stlth+} (You found it on level 5 of the Dungeon)
  5553 | D:6      | Reached skill level 5 in Fighting
  6057 | D:6      | Found a shattered altar of Ashenzari.
  6057 | D:6      | Found a glowing silver altar of Zin.
  6094 | D:6      | Noticed Eustachio
  6149 | D:6      | Killed Eustachio
  6168 | D:6      | Found a blossoming altar of Fedhas.
  6178 | D:6      | Noticed Prince Ribbit
  6187 | D:6      | Killed Prince Ribbit
  6187 | D:6      | Reached skill level 6 in Shields
  6498 | D:6      | Learned a level 3 spell: Confuse
  6548 | D:7      | Found a staircase to the Ecumenical Temple.
  6554 | Temple   | Entered the Ecumenical Temple
  6560 | Temple   | Became a worshipper of Warmaster Okawaru
  6834 | D:7      | Reached XP level 10. HP: 71/76 MP: 11/11
  6856 | D:7      | Found a hide-covered altar of Uskayaw.
  7099 | D:7      | Reached skill level 7 in Shields
  7928 | D:8      | Reached * piety under Okawaru
  8186 | D:8      | Noticed Pikel
  8231 | D:8      | Killed Pikel
  8430 | D:8      | Reached skill level 10 in Axes
  8695 | D:8      | Reached ** piety under Okawaru
  9183 | D:8      | Reached XP level 11. HP: 71/83 MP: 12/12
  9662 | D:9      | Found an ornate altar of the Wu Jian Council.
  9706 | D:9      | Reached skill level 8 in Shields
 10034 | D:9      | Found a staircase to the Orcish Mines.
 10350 | D:9      | Reached *** piety under Okawaru
 10729 | D:10     | Entered Level 10 of the Dungeon
 10729 | D:10     | Found Curphok's Antique Armour Emporium.
 10748 | D:10     | Noticed a two-headed ogre
 10762 | D:10     | HP: 1/83 [yak (10)]
 11289 | D:9      | Paralysed by a hobgoblin for 4 turns
 11348 | D:10     | Noticed a red ugly thing
 11385 | D:10     | Killed a red ugly thing
 11385 | D:10     | Reached skill level 1 in Stealth
 11455 | D:10     | Found Siaff's Book Boutique.
 11484 | D:10     | Found a staircase to the Lair.
 11532 | D:10     | Noticed a four-headed hydra
 11535 | D:9      | Found a snail-covered altar of Cheibriados.
 11794 | D:10     | Killed a two-headed ogre
 11794 | D:10     | Reached **** piety under Okawaru
 12092 | D:10     | Found Ycuapayx's Armour Boutique.
 12682 | D:10     | Reached XP level 12. HP: 60/91 MP: 13/13
 12692 | D:10     | Bought a pair of translucent gloves for 247 gold pieces
 12702 | D:10     | Identified the +2 pair of gloves of Amorality {rN++ Regen+ Str+3 Int-5} (You bought it in a shop on level 10 of the Dungeon)
 13388 | D:10     | Bought a +2 cloak of poison resistance for 259 gold pieces
 13458 | Lair:1   | Entered Level 1 of the Lair of Beasts
 13464 | Lair:1   | Noticed an eight-headed hydra
 13728 | Lair:1   | Noticed an eight-headed hydra
 13976 | Orc:1    | Entered Level 1 of the Orcish Mines
 13976 | Orc:1    | Noticed an orc high priest
 14037 | Orc:1    | Noticed Totori's ghost (journeyman MfFi)
 14062 | D:9      | Killed an orc high priest
 14062 | D:9      | Reached ***** piety under Okawaru
 14522 | Orc:1    | Killed Totori's ghost
 14522 | Orc:1    | Reached skill level 9 in Shields
 14771 | Orc:2    | Entered Level 2 of the Orcish Mines
 14771 | Orc:2    | Found a staircase to the Elven Halls.
 14936 | Orc:2    | Found Jomej's Food Emporium.
 14936 | Orc:2    | Noticed a deep troll
 14937 | Orc:2    | Noticed a two-headed ogre
 14982 | Orc:1    | Killed a deep troll
 15172 | Orc:2    | Noticed an ogre mage
 15270 | Orc:2    | Killed an ogre mage
 15321 | Orc:2    | Noticed a two-headed ogre
 15333 | Orc:2    | Killed a two-headed ogre
 15337 | Orc:2    | Reached skill level 1 in Throwing
 15349 | Orc:2    | Noticed a two-headed ogre
 15362 | Orc:2    | Killed a two-headed ogre
 15362 | Orc:2    | Reached XP level 13. HP: 81/98 MP: 14/14
 15404 | Orc:2    | Reached skill level 1 in Invocations
 15583 | Orc:2    | Reached skill level 10 in Shields
 15591 | Orc:2    | Received a gift from Okawaru
 15592 | Orc:2    | Got a warped large shield {god gift}
 15642 | Orc:2    | Identified the +0 large shield of Waimp {rC+} (Okawaru gifted it to you on level 2 of the Orcish Mines)
 15845 | Orc:2    | Found Oceruibue's Antique Weapon Shoppe.
 15846 | Orc:2    | Found Soph's Armour Shop.
 15849 | Orc:2    | Found Miakung's Food Shoppe.
 16296 | Orc:2    | Reached ****** piety under Okawaru
 16528 | Orc:2    | Bought a runed broad axe for 231 gold pieces
 16541 | Orc:2    | Bought an iridescent mace for 264 gold pieces
 16541 | Orc:2    | Identified the cursed +1 mace of Beyond {crush, rN+ Dex+2 Stlth-} (You bought it in a shop on level 2 of the Orcish Mines)
 16592 | Orc:1    | Noticed Harold
 16819 | Orc:1    | Killed Harold
 17338 | D:10     | Bought a pair of embroidered boots for 195 gold pieces
 17510 | D:10     | Killed an eight-headed hydra
 17745 | Lair:1   | Killed an eight-headed hydra
 17852 | Lair:1   | Reached XP level 14. HP: 108/108 MP: 15/15
 17939 | Lair:1   | Noticed Sonja
 17956 | Lair:1   | Cast into level 2 of the Abyss (Sonja)
 18002 | Abyss:2  | Reached skill level 1 in Maces & Flails
 18271 | Abyss:2  | HP: 4/97 [smoke demon/divine providence (13)]
 18272 | Abyss:2  | Reached skill level 10 in Armour
 18272 | Abyss:2  | Reached skill level 11 in Shields
 18429 | Abyss:2  | Identified the Guide on the Frostbite and Contamination
 18429 | Abyss:2  | Lost intelligence.
 18437 | Abyss:2  | Gained mutation: Potions are less effective at restoring your health. [a neqoxec]
 18439 | Abyss:2  | Received a gift from Okawaru
 18471 | Abyss:2  | Lost intelligence.
 18550 | Abyss:2  | Noticed a tentacled starspawn
 18561 | Abyss:2  | Killed a tentacled starspawn
 18561 | Abyss:2  | Reached skill level 5 in Dodging
 18634 | Lair:1   | Escaped the Abyss
 18643 | Lair:1   | Killed Sonja
 18995 | Lair:2   | Found a hole to the Spider Nest.
 19808 | Lair:3   | Reached skill level 15 in Axes
 19974 | Lair:3   | Found a staircase to the Shoals.
 20338 | Lair:3   | Reached skill level 10 in Fighting
 20343 | Lair:3   | Received a gift from Okawaru
 20812 | Lair:3   | Got a flickering marble ring
 20819 | Lair:3   | Identified the ring "Zacsogg" {MR+ MP+9 Dex+2 SInv} (You found it on level 3 of the Lair of Beasts)
 21110 | Lair:4   | Reached skill level 12 in Shields
 21230 | Lair:4   | Reached XP level 15. HP: 109/115 MP: 16/16
 22041 | Lair:4   | Identified Xoewn's Grimoire of Warped Black Arts
 22059 | Lair:4   | Learned a level 2 spell: Blink
 22219 | Lair:2   | Identified a scroll of acquirement
 22443 | Lair:5   | Got a warped morningstar
 22444 | Lair:5   | Identified the +8 morningstar "Itwotiyr" {drain, rPois Dex+4} (You found it on level 5 of the Lair of Beasts)
 22474 | Lair:5   | Noticed Serooblart's ghost (journeyman MiAK)
 22509 | Lair:5   | Killed Serooblart's ghost
 22574 | Lair:5   | Received a gift from Okawaru
 22600 | Lair:5   | Identified a +0 pair of boots of running (Okawaru gifted it to you on level 5 of the Lair of Beasts)
 22811 | Lair:5   | Got a citrine-encrusted ring mail
 22822 | Lair:5   | Identified the +5 ring mail of Ashenzari's Envy {Dex+6} (You found it on level 5 of the Lair of Beasts)
 23163 | Lair:6   | Entered Level 6 of the Lair of Beasts
 23174 | Lair:6   | Found a staircase to the Slime Pits.
 24728 | Spider:1 | Entered Level 1 of the Spider Nest
 24954 | Spider:1 | Received a gift from Okawaru
 25013 | Spider:1 | Noticed Frances
 25029 | Spider:1 | Killed Frances
 25029 | Spider:1 | Reached XP level 16. HP: 109/125 MP: 9/17
 25412 | Spider:1 | Reached skill level 13 in Shields
 26374 | Spider:2 | Got a dazzling cloak
 26385 | Spider:2 | Identified the +0 cloak of the Several Ghosts {rCorr Dex+3} (You found it on level 2 of the Spider Nest)
 26739 | Spider:3 | Received a gift from Okawaru
 26908 | Spider:3 | Noticed Jorgrun
 26924 | Spider:3 | Killed Jorgrun
 27125 | Spider:3 | Reached XP level 17. HP: 85/133 MP: 14/18
 27315 | Spider:3 | Reached skill level 14 in Shields
 27332 | Spider:3 | Noticed Arachne
 27352 | Spider:3 | Killed Arachne
 27352 | Spider:3 | Received a gift from Okawaru
 27355 | Spider:3 | Got a crystal hand axe {god gift}
 27356 | Spider:3 | Identified the +9 hand axe "Wiom" {flame, rElec rPois rC+} (Okawaru gifted it to you on level 3 of the Spider Nest)
 27864 | Spider:4 | Entered Level 4 of the Spider Nest
 28795 | Spider:4 | Received a gift from Okawaru
 28978 | Spider:4 | Got a gossamer rune of Zot
 29298 | Shoals:1 | Entered Level 1 of the Shoals
 29305 | Shoals:1 | Reached skill level 15 in Shields
 29481 | Shoals:1 | Noticed Roxanne
 29594 | Shoals:1 | Killed Roxanne
 29594 | Shoals:1 | Received a gift from Okawaru
 29595 | Shoals:1 | Identified Roxanne's Volume of the Rocks (You took it off Roxanne on level 1 of the Shoals)
 29814 | Shoals:1 | Reached XP level 18. HP: 139/142 MP: 20/20
 29990 | Shoals:1 | Found a glowing golden altar of the Shining One.
 30280 | Shoals:1 | Noticed a titan
 30327 | Shoals:1 | Killed a titan
 30380 | Shoals:1 | Lost mutation: Potions are less effective at restoring your health. [potion of mutation]
 30380 | Shoals:1 | Gained mutation: You can translocate small distances at will. [potion of mutation]
 30380 | Shoals:1 | Gained mutation: You are partially covered in yellow scales. (AC +2) [potion of mutation]
 30380 | Shoals:1 | Gained mutation: You have sharp toenails. [potion of mutation]
 31025 | Shoals:2 | Received a gift from Okawaru
 31579 | Shoals:3 | Received a gift from Okawaru
 31612 | Shoals:3 | Noticed Nikola
 31751 | Shoals:3 | Killed Nikola
 32052 | Shoals:3 | Reached skill level 1 in Spellcasting
 32598 | Shoals:4 | Entered Level 4 of the Shoals
 32808 | Shoals:4 | Reached skill level 16 in Shields
 32928 | Shoals:4 | Reached XP level 19. HP: 95/151 MP: 9/23
 32936 | Shoals:4 | Got a barnacled rune of Zot
 33058 | Shoals:3 | Received a gift from Okawaru
 33879 | Shoals:4 | Received a gift from Okawaru
 34003 | Shoals:4 | Reached skill level 5 in Invocations
 34288 | Shoals:4 | Noticed Ilsuiw
 34364 | Shoals:4 | Killed Ilsuiw
 35019 | D:11     | Noticed Erolcha
 35026 | D:11     | Killed Erolcha
 35108 | D:11     | Noticed Urug
 35116 | D:11     | Killed Urug
 35232 | D:11     | Received a gift from Okawaru
 35343 | D:11     | Found a deep blue altar of Sif Muna.
 35383 | D:11     | Found a radiant altar of Vehumet.
 35406 | D:11     | Noticed Maurice
 35448 | D:11     | Killed Maurice
 35493 | D:11     | Noticed Erica
 35505 | D:11     | Killed Erica
 35743 | D:12     | Learned a level 5 spell: Silence
 36536 | D:13     | Got a faintly glowing hunting sling
 36657 | D:13     | Found Diurhem's Armour Boutique.
 36912 | D:13     | Found a gate to the Vaults.
 37093 | Vaults:1 | Entered Level 1 of the Vaults
 37253 | Vaults:1 | Reached skill level 5 in Spellcasting
 37456 | Vaults:1 | Reached XP level 20. HP: 160/160 MP: 28/28
 37500 | Vaults:1 | Identified the +2 hunting sling "Orb Guardian's Peril" {flame, +Inv rPois} (You found it on level 13 of the Dungeon)
 37501 | Vaults:1 | Identified the cursed +1 leather armour "Eliaratt" {MR+} (You found it on level 1 of the Vaults)
 37752 | Vaults:1 | Reached skill level 17 in Shields
 37791 | Vaults:1 | Received a gift from Okawaru
 38132 | Vaults:1 | Noticed an Ice Fiend
 38666 | Vaults:2 | Found Qenielafal's Weapon Boutique.
 38675 | Vaults:2 | Received a gift from Okawaru
 38737 | Vaults:2 | Found a staircase to the Crypt.
 38737 | Vaults:2 | Found an ancient bone altar of Kikubaaqudgha.
 38738 | Vaults:2 | Found a basalt altar of Yredelemnul.
 38794 | Vaults:2 | Reached skill level 15 in Fighting
 39348 | Vaults:2 | Reached XP level 21. HP: 166/168 MP: 30/33
 39907 | Vaults:2 | Received a gift from Okawaru
 39949 | Vaults:2 | Cast into level 4 of the Abyss (a lich)
 40061 | Vaults:2 | Escaped the Abyss
 40629 | Vaults:3 | Received a gift from Okawaru
 40638 | Vaults:3 | Cast into level 3 of the Abyss (a deep elf demonologist)
 40649 | Abyss:3  | Found a corrupted altar of Lugonu.
 40939 | Abyss:3  | Reached skill level 18 in Shields
 41002 | Abyss:3  | Found a corrupted altar of Lugonu.
 41038 | Vaults:3 | Escaped the Abyss
 41505 | Vaults:3 | Noticed Mennas
 41529 | Vaults:3 | Killed Mennas
 41529 | Vaults:3 | Reached skill level 10 in Spellcasting
 41537 | Vaults:3 | Got an encrusted large shield
 41543 | Vaults:3 | Identified the -11 large shield of Pothruf {rPois MR+ rCorr Int+4} (You took it off Mennas on level 3 of the Vaults)
 41666 | Vaults:3 | Found Jummimio's Distillery.
 41683 | Vaults:3 | Bought a potion of haste for 120 gold pieces
 41683 | Vaults:3 | Bought a potion of heal wounds for 60 gold pieces
 41683 | Vaults:3 | Bought a potion of resistance for 120 gold pieces
 41683 | Vaults:3 | Bought a potion of experience for 600 gold pieces
 41683 | Vaults:3 | Bought a potion of curing for 36 gold pieces
 41683 | Vaults:3 | Bought a potion of heal wounds for 60 gold pieces
 41685 | Vaults:3 | Reached XP level 22. HP: 164/177 MP: 32/36
 41757 | Vaults:3 | Reached skill level 1 in Air Magic
 41882 | Vaults:3 | Bought a potion of berserk rage for 60 gold pieces
 41989 | Vaults:3 | Reached skill level 1 in Hexes
 42079 | Vaults:3 | Reached XP level 23. HP: 169/183 MP: 37/37
 42292 | Vaults:4 | Noticed Jory
 42314 | Vaults:4 | Killed Jory
 42457 | Vaults:4 | Found Vego's Armour Emporium.
 42464 | Vaults:4 | Bought the +3 crown of Dyrovepreva {rElec Int+2 SInv} for 662 gold pieces
 42464 | Vaults:4 | Found the +3 crown of Dyrovepreva {rElec Int+2 SInv}
 42504 | Vaults:4 | Found Muche's Book Shoppe.
 42679 | Vaults:4 | Reached skill level 10 in Dodging
 42691 | Vaults:4 | Received a gift from Okawaru
 42715 | Vaults:4 | Got a slimy plate armour {god gift}
 42726 | Vaults:4 | Identified the +8 plate armour "Wolagomp" {Str+3} (Okawaru gifted it to you on level 4 of the Vaults)
 42844 | Vaults:4 | Noticed Mara
 42855 | Vaults:4 | Noticed Kairos's illusion
 42860 | Vaults:4 | Killed Mara
 42936 | Vaults:4 | Noticed Sojobo
 43056 | Vaults:4 | Killed Sojobo
 43056 | Vaults:4 | Reached skill level 10 in Invocations
 43500 | Vaults:4 | Found Biennih's Armour Shop.
 43500 | Vaults:4 | Noticed Donald
 43506 | Vaults:4 | Killed Donald
 43796 | Vaults:4 | Found Waeriasm's General Store.
 43802 | Vaults:4 | Received a gift from Okawaru
 43814 | Vaults:4 | Bought a scroll of enchant weapon for 97 gold pieces
 44378 | Elf:1    | Entered Level 1 of the Elven Halls
 44554 | Elf:1    | Identified Yshra's Tome of Conjuration
 44984 | Elf:1    | Found Zotwi's General Store.
 45182 | Elf:2    | Reached XP level 24. HP: 187/193 MP: 38/38
 45504 | Elf:2    | Found a runed gate.
 45504 | Elf:2    | Found a runed gate.
 45504 | Elf:2    | Found a runed gate.
 45609 | Elf:2    | Found Exomy's Armour Emporium.
 45736 | Elf:2    | Received a gift from Okawaru
 45813 | Elf:2    | Reached skill level 5 in Hexes
 45976 | Elf:2    | Reached skill level 19 in Shields
 45988 | Elf:2    | Reached skill level 5 in Air Magic
 46139 | Elf:3    | Entered Level 3 of the Elven Halls
 46225 | Elf:3    | Found an ancient bone altar of Kikubaaqudgha.
 46394 | Elf:3    | Noticed Louise
 46409 | Elf:3    | Killed Louise
 46956 | Elf:3    | Received a gift from Okawaru
 46977 | Elf:3    | Got a fine hat {god gift}
 47026 | Elf:3    | Identified the +1 hat of Okawaru's Whim {Dex+6 Stlth+} (Okawaru gifted it to you on level 3 of the Elven Halls)
 47105 | Elf:3    | Cast into level 3 of the Abyss (a ghostly deep elf demonologist)
 47297 | Elf:3    | Escaped the Abyss
 47354 | Elf:3    | Cast into level 2 of the Abyss (a deep elf demonologist)
 47482 | Abyss:2  | Found a corrupted altar of Lugonu.
 48028 | Elf:3    | Escaped the Abyss
 48513 | Elf:3    | Reached XP level 25. HP: 153/201 MP: 29/39
 48770 | Elf:3    | Cast into level 3 of the Abyss (a deep elf sorcerer)
 48784 | Abyss:3  | Found a corrupted altar of Lugonu.
 48786 | Abyss:3  | Received a gift from Okawaru
 48798 | Abyss:3  | Identified the +10 mace "Cotimolu" {freeze, Str+4 SInv Stlth+} (Okawaru gifted it to you on level 3 of the Abyss)
 49199 | Elf:3    | Escaped the Abyss
 49252 | Elf:3    | Identified the +3 ring mail of the Gardener {rC+++ Dex+6 Slay-4} (You took it off a deep elf master archer on level 3 of the Elven Halls)
 49295 | Elf:3    | Identified the cursed +1 ring mail of the Moon {Dex+4} (You took it off a deep elf blademaster on level 3 of the Elven Halls)
 49454 | Elf:3    | Learned a level 1 spell: Apportation
 49511 | Elf:3    | Identified a +1 pair of boots of running (You found it on level 3 of the Elven Halls)
 49535 | Elf:3    | Identified the Guide on Ashen Orientation
 50261 | Elf:1    | Bought 2 scrolls of teleportation for 102 gold pieces
 50701 | Vaults:5 | Entered Level 5 of the Vaults
 50716 | Vaults:5 | Noticed an ancient lich
 50725 | Vaults:5 | Received a gift from Okawaru
 50730 | Vaults:5 | Gained mutation: Armour fits poorly on your strangely shaped body. [a shining eye]
 50733 | Vaults:5 | HP: 2/202 [deep elf knight/shard of ice[a glowing orange brain] (18)]
 51102 | Vaults:4 | Killed an ancient lich
 51303 | Vaults:5 | Paralysed by a sphinx for 3 turns
 51640 | Vaults:5 | Received a gift from Okawaru
 51641 | Vaults:5 | Found the +14 obsidian axe {chop, +Fly SInv *Curse}
 51908 | Vaults:5 | Reached XP level 26. HP: 210/210 MP: 40/40
 51929 | Vaults:5 | Noticed Saint Roka
 51954 | Vaults:5 | Reached skill level 20 in Shields
 52119 | Vaults:5 | Killed Saint Roka
 52219 | Vaults:5 | Received a gift from Okawaru
 52224 | Vaults:5 | Got a faintly humming crystal plate armour {god gift}
 52249 | Vaults:5 | Got a faintly glowing broad axe {venom}
 52251 | Vaults:5 | Identified the cursed +1 broad axe of Uncomfortable Rashes {venom, rC+ Str+5 Int-2} (You took it off a yaktaur captain on level 5 of the Vaults)
 52265 | Vaults:4 | Identified the +2 crystal plate armour of the Six Allies {Str+5 Stlth+} (Okawaru gifted it to you on level 5 of the Vaults)
 52957 | Vaults:5 | Got a scintillating ruby amulet
 52959 | Vaults:5 | Identified the amulet "Deol" {*Drain +Rage rElec rC+++} (You took it off a vault warden on level 5 of the Vaults)
 53094 | Vaults:5 | Got a silver rune of Zot
 53281 | Vaults:5 | Got a pair of pitted gloves
 53287 | Vaults:5 | Identified the cursed -3 pair of gloves of the Tuna {rN+ Str+4 Int+3} (You found it on level 5 of the Vaults)
 53833 | Vaults:5 | Lost mutation: You have sharp toenails. [potion of mutation]
 53833 | Vaults:5 | Lost mutation: You can translocate small distances at will. [potion of mutation]
 53833 | Vaults:5 | Gained mutation: You have a pair of small horns on your head. [potion of mutation]
 53833 | Vaults:5 | Gained mutation: Your system is resistant to poisons. (rPois) [potion of mutation]
 54138 | Lair:2   | Lost mutation: Armour fits poorly on your strangely shaped body. [potion of mutation]
 54138 | Lair:2   | Lost mutation: You have a pair of small horns on your head. [potion of mutation]
 54138 | Lair:2   | Lost mutation: You are partially covered in yellow scales. (AC +2) [potion of mutation]
 54138 | Lair:2   | Gained mutation: Potions are less effective at restoring your health. [potion of mutation]
 54138 | Lair:2   | Gained mutation: You have an increased reservoir of magic. (+10% MP) [potion of mutation]
 54466 | D:14     | Found a labyrinth entrance.
 54471 | D:14     | Identified Sif Muna's Catalogue of Feathery Companions
 54491 | Lab      | Entered a labyrinth
 55314 | Lab      | Got a smoking platinum ring
 55318 | Lab      | Identified the ring of the Echidna {Int-3 Dex+4 Slay+2} (You found it in a labyrinth)
 55592 | D:14     | Reached skill level 1 in Translocations
 56147 | D:15     | Entered Level 15 of the Dungeon
 56156 | D:15     | Noticed Kirke
 56344 | D:15     | Found a staircase to the Depths.
 56381 | D:15     | Killed Kirke
 56399 | D:15     | Received a gift from Okawaru
 57318 | Depths:1 | Entered Level 1 of the Depths
 57407 | Depths:1 | Reached XP level 27. HP: 192/217 MP: 42/44
 57593 | Depths:1 | Found a runed door.
 57786 | Depths:1 | Found a gateway to Hell.
 57997 | Depths:1 | Identified the cursed +0 scale mail "Riapoa" {rElec rF- Int+5} (You found it on level 1 of the Depths)
 58129 | Hell     | Entered the Vestibule of Hell
 58129 | Hell     | Noticed Geryon
 58966 | Hell     | Killed Geryon
 58966 | Hell     | Received a gift from Okawaru
 59067 | Hell     | Found a gateway to the freezing wastes of Cocytus.
 59153 | Hell     | Found a gateway to the ashen valley of Gehenna.
 59205 | Hell     | Found a gateway to the Iron City of Dis.
 59288 | Hell     | Found a gateway to the decaying netherworld of Tartarus.
 60455 | Coc:1    | Entered Level 1 of Cocytus
 60455 | Coc:1    | Found a gateway to Hell.
 60623 | Coc:2    | Found a gateway to Hell.
 60646 | Coc:2    | Found a gateway to Hell.
 60724 | Coc:3    | Noticed a shard shrike
 60746 | Coc:3    | Killed a shard shrike
 60902 | Coc:3    | Noticed a shard shrike
 60918 | Coc:3    | Killed a shard shrike
 61039 | Coc:3    | Found a gateway to Hell.
 61067 | Coc:3    | Received a gift from Okawaru
 61068 | Coc:3    | Found the +8 mithril axe "Arga" {speed, MR+}
 61230 | Coc:3    | Reached skill level 10 in Hexes
 61267 | Coc:3    | Noticed a shard shrike
 61267 | Coc:3    | Noticed a shard shrike
 61267 | Coc:3    | Noticed a shard shrike
 61276 | Coc:3    | Killed a shard shrike
 61276 | Coc:3    | Reached skill level 10 in Air Magic
 61280 | Coc:3    | Killed a shard shrike
 61280 | Coc:3    | Reached skill level 5 in Evocations
 61281 | Coc:3    | Killed a shard shrike
 61281 | Coc:3    | Reached skill level 21 in Shields
 61331 | Coc:3    | Found a gateway to Hell.
 61389 | Coc:3    | Gained mutation: Armour fits poorly on your strangely shaped body. [mutagenic glow]
 61477 | Hell     | Gained mutation: You expend magic power (3 MP) to strengthen your wands. [mutagenic glow]
 61614 | Depths:2 | Reached skill level 5 in Translocations
 61785 | Depths:2 | Received a gift from Okawaru
 62121 | Depths:2 | Found a bloodstained altar of Trog.
 62580 | Depths:2 | Noticed the Enchantress
 62601 | Depths:2 | Killed the Enchantress
 62601 | Depths:2 | Received a gift from Okawaru
 62773 | Depths:2 | Got faerie dragon scales
 63448 | Depths:3 | Noticed Margery
 63454 | Depths:3 | Killed Margery
 63618 | Depths:3 | Received a gift from Okawaru
 63653 | Depths:3 | Got a crude cloak {god gift}
 63664 | Depths:3 | Identified the -3 cloak of the Valley {+Blink rPois rC- Str+6} (Okawaru gifted it to you on level 3 of the Depths)
 63727 | Depths:3 | Found a one-way gate leading to the halls of Pandemonium.
 63734 | Depths:3 | Gained mutation: Your spells are a little easier to cast, but a little less powerful. [a cacodemon]
 63890 | Depths:3 | Noticed Xtahua
 63917 | Depths:3 | Killed Xtahua
 64025 | Depths:3 | Found Ijiap's Magic Scroll Shoppe.
 64160 | Depths:3 | Noticed Boris
 64415 | Depths:3 | Killed Boris
 64624 | Depths:3 | Reached skill level 15 in Armour
 64661 | Depths:3 | Found a shattered altar of Ashenzari.
 64694 | Depths:3 | Received a gift from Okawaru
 64696 | Depths:3 | Paralysed by a floating eye for 3 turns
 64712 | Depths:3 | Identified the +4 faerie dragon scales {+Inv rCorr} (You took it off the Enchantress on level 2 of the Depths)
 64720 | Depths:3 | Got a shimmering crystal plate armour {god gift}
 64726 | Depths:3 | Identified the +0 crystal plate armour "Qiapuome" {*Slow +Fly rN+} (Okawaru gifted it to you on level 3 of the Depths)
 65478 | Depths:4 | Found a one-way gate to the infinite horrors of the Abyss.
 66053 | Depths:5 | Entered Level 5 of the Depths
 66103 | Depths:5 | Reached skill level 15 in Spellcasting
 66127 | Depths:4 | Received a gift from Okawaru
 66165 | Depths:4 | Got a pair of ancient boots {god gift}
 66166 | Depths:4 | Identified the +1 pair of boots of the Untouchables {+Fly rElec Regen+ Str+4} (Okawaru gifted it to you on level 4 of the Depths)
 66407 | Depths:5 | Reached skill level 22 in Shields
 67239 | Depths:5 | Found Sucoimao's Gadget Shoppe.
 67245 | Depths:5 | Found Bouf's Jewellery Boutique.
 67246 | Depths:5 | Found Ramireg's Gadget Shoppe.
 67259 | Depths:5 | Bought an uncursed ring of magical power for 300 gold pieces
 67403 | Depths:5 | Noticed Totori's ghost (veteran MfFi)
 67439 | Depths:5 | Received a gift from Okawaru
 67472 | Depths:5 | Got a warped large shield {god gift}
 67562 | Depths:5 | Identified the +8 large shield "Kecud" {MR+ rCorr} (Okawaru gifted it to you on level 5 of the Depths)
 67675 | Depths:5 | Found a gate to the Realm of Zot.
 67770 | Depths:5 | Found a gateway to a ziggurat.
 68163 | Hell     | Learned a level 3 spell: Lesser Beckoning
 68899 | Coc:2    | Noticed a shard shrike
 68907 | Coc:2    | Killed a shard shrike
 69105 | Coc:3    | Gained mutation: You are frail. (-10% HP) [mutagenic glow]
 69150 | Coc:3    | Gained mutation: Your spells are easier to cast, but less powerful. [mutagenic glow]
 69369 | Coc:4    | Received a gift from Okawaru
 69501 | Coc:4    | Noticed a shard shrike
 69514 | Coc:4    | Noticed a shard shrike
 69542 | Coc:4    | Killed a shard shrike
 69559 | Coc:4    | Killed a shard shrike
 69621 | Coc:4    | Gained mutation: You occasionally shout uncontrollably at your foes. [mutagenic glow]
 69638 | Coc:4    | Noticed a shard shrike
 69656 | Coc:4    | Killed a shard shrike
 70396 | Coc:6    | Noticed a shard shrike
 70401 | Coc:6    | Noticed a shard shrike
 70410 | Coc:6    | Killed a shard shrike
 70411 | Coc:6    | Killed a shard shrike
 70473 | Coc:6    | Received a gift from Okawaru
 70511 | Coc:6    | Noticed a shard shrike
 70511 | Coc:6    | Noticed a shard shrike
 70512 | Coc:6    | Noticed a shard shrike
 70525 | Coc:6    | Noticed a shard shrike
 70527 | Coc:6    | Killed a shard shrike
 70529 | Coc:6    | Killed a shard shrike
 70536 | Coc:6    | Killed a shard shrike
 70545 | Coc:6    | Killed a shard shrike
 70545 | Coc:6    | Reached skill level 15 in Dodging
 70646 | Coc:7    | Entered Level 7 of Cocytus
 70676 | Coc:7    | Received a gift from Okawaru
 70999 | Coc:7    | Reached skill level 10 in Translocations
 71206 | Coc:7    | Reached skill level 23 in Shields
 71486 | Coc:7    | Gained mutation: Your spells are much easier to cast, but much less powerful. [mutagenic glow]
 71538 | Coc:7    | Gained mutation: Your body sometimes deteriorates upon taking damage. [mutagenic glow]
 71623 | Coc:7    | Received a gift from Okawaru
 71691 | Coc:7    | Reached skill level 10 in Evocations
 71865 | Coc:7    | Noticed a shard shrike
 71880 | Coc:7    | Killed a shard shrike
 72140 | Coc:7    | Noticed Antaeus
 72211 | Coc:7    | Killed Antaeus
 72427 | Coc:7    | Noticed a shard shrike
 72442 | Coc:7    | Killed a shard shrike
 72488 | Coc:7    | Got a scorched hunting sling
 72864 | Coc:7    | Got an icy rune of Zot
 72870 | Coc:7    | Got a shimmering chain mail
 72881 | Coc:7    | Identified the cursed +0 chain mail of Duck's Teeth {rN+} (You found it on level 7 of Cocytus)
 72906 | Coc:7    | Got an ancient bone amulet
 72934 | Coc:7    | Identified the amulet of Zogiuf {Harm *Drain rF- Slay+4} (You found it on level 7 of Cocytus)
 73025 | Coc:7    | Noticed a shard shrike
 73039 | Coc:7    | Killed a shard shrike
 73683 | Hell     | Identified the cursed +1 hunting sling of the Realm of Zot {flame, rC- rN+ Dex+3 SInv} (You found it on level 7 of Cocytus)
 73806 | Depths:4 | Voluntarily entered the Abyss.
 73830 | Abyss:1  | Received a gift from Okawaru
 73833 | Abyss:1  | Got a scorched large shield {god gift}
 73922 | Abyss:1  | Identified the +7 large shield of the Vestibule of Hell {rF- Dex+5} (Okawaru gifted it to you on level 1 of the Abyss)
 74057 | Depths:4 | Escaped the Abyss
 74073 | Depths:4 | Voluntarily entered the Abyss.
 74153 | Abyss:1  | Paralysed by accursed screaming for 1 turns
 74196 | Depths:4 | Escaped the Abyss
 74315 | Depths:4 | Voluntarily entered the Abyss.
 74335 | Abyss:1  | Found a corrupted altar of Lugonu.
 74609 | Depths:4 | Escaped the Abyss
 74611 | Depths:4 | Voluntarily entered the Abyss.
 75070 | Depths:4 | Escaped the Abyss
 75073 | Depths:4 | Voluntarily entered the Abyss.
 75335 | Abyss:1  | Lost mutation: You have an increased reservoir of magic. (+10% MP) [a neqoxec]
 75453 | Abyss:1  | Paralysed by accursed screaming for 2 turns
 75470 | Abyss:1  | Paralysed by accursed screaming for 1 turns
 75654 | Abyss:1  | Received a gift from Okawaru
 75817 | Depths:4 | Escaped the Abyss
 75819 | Depths:4 | Voluntarily entered the Abyss.
 75827 | Abyss:1  | Found a corrupted altar of Lugonu.
 75896 | Abyss:1  | Found a corrupted altar of Lugonu.
 75900 | Abyss:1  | Got a faintly humming chain mail
 75910 | Abyss:1  | Found a transporter.
 75912 | Abyss:1  | Found a transporter.
 75932 | Abyss:1  | Identified the +1 chain mail of the Sea {rPois rC+ Regen+ Str-2} (You found it on level 1 of the Abyss)
 76174 | Abyss:1  | Paralysed by accursed screaming for 1 turns
 76184 | Abyss:1  | Paralysed by accursed screaming for 1 turns
 76246 | Abyss:1  | Identified the +5 mace of Xytenn {crush, rPois MR+} (You found it on level 1 of the Abyss)
 76705 | Abyss:2  | Noticed an ancient lich
 76721 | Abyss:2  | Paralysed by accursed screaming for 1 turns
 76723 | Abyss:2  | Killed an ancient lich
 77028 | Abyss:2  | Found a corrupted altar of Lugonu.
 77464 | Abyss:2  | Reached skill level 24 in Shields
 77612 | Abyss:2  | Got a coiled amber ring
 77614 | Abyss:2  | Identified the ring "Cakupuok" {MR+ Slay+4} (You found it on level 2 of the Abyss)
 77745 | Abyss:2  | Received a gift from Okawaru
 78114 | Depths:4 | Escaped the Abyss
 78293 | Depths:4 | Voluntarily entered the Abyss.
 78453 | Abyss:2  | Lost mutation: Armour fits poorly on your strangely shaped body. [potion of mutation]
 78453 | Abyss:2  | Lost mutation: You are frail. (-10% HP) [potion of mutation]
 78453 | Abyss:2  | Gained mutation: Armour fits poorly on your strangely shaped body. [potion of mutation]
 78453 | Abyss:2  | Gained mutation: Your flesh is cold resistant. (rC+) [potion of mutation]
 78667 | Abyss:3  | Found a corrupted altar of Lugonu.
 78698 | Abyss:3  | Gained mutation: You are frail. (-10% HP) [mutagenic glow]
 78841 | Abyss:3  | Found a corrupted altar of Lugonu.
 78880 | Abyss:3  | Gained mutation: You are dopey. (Int -2) [a neqoxec]
 78998 | Abyss:3  | Received a gift from Okawaru
 79027 | Abyss:3  | Identified the +3 pair of gloves "Muepe" {rF+ rC+ rN+} (Okawaru gifted it to you on level 3 of the Abyss)
 79310 | Abyss:4  | Paralysed by accursed screaming for 1 turns
 79763 | Abyss:4  | Paralysed by accursed screaming for 1 turns
 79987 | Abyss:4  | Gained mutation: You are weak. (Str -2) [a neqoxec]
 80030 | Abyss:4  | Found a shattered altar of Ashenzari.
 80188 | Abyss:4  | Gained mutation: You are very frail. (-20% HP) [a neqoxec]
 80667 | Abyss:4  | Received a gift from Okawaru
 80676 | Abyss:4  | Identified the +1 pair of gloves of the Last Lies {rF+} (Okawaru gifted it to you on level 4 of the Abyss)
 80956 | Abyss:4  | Noticed an ancient lich
 80977 | Abyss:4  | Killed an ancient lich
 81010 | Depths:4 | Escaped the Abyss
 81621 | D:6      | Fell from the grace of Okawaru
 81621 | D:6      | Became a worshipper of Zin the Law-Giver
 81621 | D:6      | Reached * piety under Zin
 81621 | D:6      | Reached ** piety under Zin
 81622 | D:6      | Donated 2042 gold pieces to Zin
 81634 | D:6      | Reached *** piety under Zin
 81777 | D:15     | Reached **** piety under Zin
 81875 | Depths:4 | Voluntarily entered the Abyss.
 81875 | Abyss:1  | Found a corrupted altar of Lugonu.
 81875 | Abyss:1  | Noticed a juggernaut
 81889 | Abyss:1  | Reached ***** piety under Zin
 81901 | Abyss:1  | Killed a juggernaut
 81908 | Abyss:1  | HP: 7/179 [hellephant (8)]
 81909 | Abyss:1  | HP: 1/179 [hellephant (3)]
 81910 | Abyss:1  | Slain by a bone dragon

Skill      XL: |  1  2  3  4  5  6  7  8  9 10 11 12 13 14 15 16 17 18 19 20 21 22 23 24 25 26 27 |
---------------+----------------------------------------------------------------------------------+-----
Axes           | 3 4 5 7 8 10 12 13 14 15 16 17 18 | 18.6
Shields        | 4 5 6 7 8 9 10 12 13 15 16 17 18 19 20 24 | 24.7
Dodging        | 1 2 3 4 5 6 7 8 9 10 11 12 17 | 17.0
Armour         | 4 5 7 8 9 10 11 12 13 14 17 | 17.9
Fighting       | 4 5 6 7 8 9 10 11 12 13 14 15 16 17 18 22 | 22.8
Evocations     | 1 2 3 12 | 12.9
Stealth        | 1 2 3 |  3.0
Throwing       | 1 2 3 |  3.4
Invocations    | 1 2 4 6 8 9 10 11 12 14 | 14.9
Maces & Flails | 1 3 4 |  4.7
Spellcasting   | 2 5 8 10 11 12 13 17 | 17.4
Air Magic      | 1 4 6 7 9 10 | 10.8
Hexes          | 1 4 6 7 9 11 | 11.0
Translocations | 2 10 | 10.7

Action                   |  1- 3 |  4- 6 |  7- 9 | 10-12 | 13-15 | 16-18 | 19-21 | 22-24 | 25-27 || total
-------------------------+-------+-------+-------+-------+-------+-------+-------+-------+-------++-------
Melee: War axe           |    92 |   160 |   353 |   773 |   507 |       |       |       |       ||  1885
       Whip              |       |       |       |     9 |       |       |       |       |       ||     9
       Mace              |       |       |       |       |    22 |       |       |       |       ||    22
       Broad axe         |       |       |       |       |   386 |  1114 |  1192 |  1107 |  6969 || 10768
       Morningstar       |       |       |       |       |    41 |       |       |       |       ||    41
       Hand axe          |       |       |       |       |       |    89 |       |       |       ||    89
       Sacred scourge    |       |       |       |       |       |       |    97 |       |    12 ||   109
       Unarmed           |       |       |       |       |       |       |       |       |     1 ||     1
Throw: Tomahawk          |       |       |       |     9 |     4 |    35 |       |       |       ||    48
       Javelin           |       |       |       |       |       |       |       |       |    10 ||    10
Invok: Heroism           |       |       |       |    11 |    18 |     7 |    17 |     9 |    23 ||    85
       Finesse           |       |       |       |       |     3 |     2 |     6 |     1 |     8 ||    20
       Recite            |       |       |       |       |       |       |       |       |     1 ||     1
       Donate Gold       |       |       |       |       |       |       |       |       |     1 ||     1
 Abil: Blink             |       |       |       |       |       |       |     2 |       |       ||     2
       Evoke Flight      |       |       |       |       |       |       |       |       |     5 ||     5
       Evoke Berserk Rag |       |       |       |       |       |       |       |       |     1 ||     1
Evoke: Wand              |       |       |     9 |     5 |       |       |       |       |       ||    14
       Lightning rod     |       |       |     5 |       |     2 |       |       |       |       ||     7
       Phial of floods   |       |       |       |       |       |       |       |       |     1 ||     1
  Use: Scroll            |       |     8 |     5 |    13 |    11 |     7 |    11 |     5 |    41 ||   101
       Potion            |       |       |       |     3 |     1 |     5 |     5 |       |    11 ||    25
 Stab: Invisible         |       |       |       |       |       |       |       |     5 |     3 ||     8
       Distracted        |       |       |       |       |       |       |       |     1 |    15 ||    16
       Paralysed         |       |       |       |       |       |       |       |     1 |       ||     1
       Confused          |       |       |       |       |       |       |       |       |     3 ||     3
  Eat: Chunk             |       |     3 |    14 |    14 |    14 |    12 |    28 |    13 |    33 ||   131
       Ration            |       |     1 |       |     4 |     5 |     4 |       |     3 |    22 ||    39
Armor: Scale mail        |    70 |    68 |    43 |       |       |       |       |       |       ||   181
       Chain mail        |       |       |   123 |   364 |   390 |   108 |    94 |    29 |       ||  1108
       Plate armour      |       |       |       |       |       |   563 |   268 |   230 |  1235 ||  2296
Dodge: Dodged            |    34 |    52 |   103 |   236 |   223 |   329 |   249 |   201 |  1252 ||  2679
Block: Shield            |    49 |    84 |   206 |   492 |    22 |       |       |       |       ||   853
       Large shield      |       |       |       |       |   886 |  1213 |  1234 |   857 |  5993 || 10183
       Reflection        |       |       |       |       |       |       |       |       |    18 ||    18
